 Dungeon Crawl Stone Soup version 0.18-a0-844-g9229740 (webtiles) character file.

12364 George the Cleaver (level 11, -28/97 HPs)
             Began as a Hill Orc Gladiator on Dec 19, 2015.
             Was an Elder of Qazlal.
             Annihilated by a hill giant
             ... wielding a cursed +0 giant spiked club
              (40 damage)
             ... on level 11 of the Dungeon.
             The game lasted 00:29:02 (12563 turns).

George the Cleaver (Hill Orc Gladiator)            Turns: 12563, Time: 00:29:02

Health: -28/97     AC: 14    Str: 22    XL:     11   Next: 92%
Magic:  19/19      EV: 15    Int:  8    God:    Qazlal [****..]
Gold:   604        SH:  8    Dex: 14    Spells: 0 memorised, 10 levels left

rFire  . . .     SeeInvis .     G - +0 battleaxe
rCold  . . .     Gourm    .     W - +0 scale mail "Syrorui" {MR+}
rNeg   . . .     Faith    .     (shield currently unavailable)
rPois  .         Spirit   .     c - +1 helmet
rElec  .         Dismiss  .     R - +0 cloak
rCorr  .         Reflect  +     m - +0 pair of gloves
SustAt .         Harm     .     w - +0 pair of boots
MR     +....                    n - +3 amulet of reflection
Stlth  ..........               u - +3 ring of dexterity
                                B - +3 ring of evasion

@: lethally poisoned (-28 -> -32), repel missiles, somewhat resistant to hostile
enchantments, extremely unstealthy
A: no striking features
a: Upheaval, Elemental Force, Renounce Religion


You were on level 11 of the Dungeon.
You worshipped Qazlal.
Qazlal was greatly pleased with you.
You were hungry.

You visited 2 branches of the dungeon, and saw 12 of its levels.

You collected 604 gold pieces.

Inventory:

Hand Weapons
 G - a +0 battleaxe (weapon)
Missiles
 d - 4 throwing nets (quivered)
Armour
 c - a +1 helmet (worn)
 m - a +0 pair of gloves (worn)
 w - a +0 pair of boots (worn)
 R - a +0 cloak (worn)
 W - the +0 scale mail "Syrorui" (worn) {MR+}
   (You found it on level 6 of the Dungeon)

   It affects your resistance to hostile enchantments.
 Z - a +0 scale mail of positive energy
Jewellery
 h - an uncursed ring of fire
 n - a +3 amulet of reflection (around neck)
 u - a +3 ring of dexterity (right hand)
 B - a +3 ring of evasion (left hand)
 X - an uncursed ring of magical power
Wands
 z - a wand of digging (24)
 S - a wand of draining (4)
Scrolls
 k - a scroll of fog
 l - 2 scrolls of magic mapping
 q - 4 scrolls of teleportation
 t - a scroll of recharging
 M - 4 scrolls of remove curse
 V - a scroll of noise {unknown}
Potions
 g - 5 potions of curing
 p - a potion of magic
 F - a potion of heal wounds
 I - a potion of brilliance {unknown}
 J - 2 potions of cure mutation
 K - 2 potions of might {unknown}
 N - a potion of flight {unknown}
 P - a potion of haste {unknown}
 Q - a potion of resistance {unknown}
 T - a potion of agility {unknown}
 U - a potion of degeneration {unknown}
 Y - a potion of lignification {unknown}
Comestibles
 f - 8 bread rations
 o - a meat ration
 r - 11 fruits
 L - a beef jerky
 O - 3 royal jellies


   Skills:
 + Level 9.4 Fighting
 + Level 14.6 Axes
 - Level 1.7 Throwing
 + Level 7.9 Armour
 + Level 5.0 Dodging
 + Level 11.7 Invocations


You had 10 spell levels left.
You didn't know any spells.

Dungeon Overview and Level Annotations

Branches:
Dungeon (11/15)            Temple (1/1) D:5            Lair (0/8) D:10
    Orc (0/2) D:10

Altars:
Ashenzari
Cheibriados
Dithmenos
Elyvilon
Fedhas
Gozag
Kikubaaqudgha
Makhleb
Nemelex Xobeh
Okawaru
Pakellas
Qazlal
Ru
Sif Muna
Trog
Vehumet
Xom
Yredelemnul
Zin
The Shining One

Shops:
D:8 *   D:9 :


Message History

The hill giant is moderately wounded.
You feel sick.
The hill giant hits you with a giant spiked club!!
* * * LOW HITPOINT WARNING * * *
You slice the hill giant!!
The hill giant is heavily wounded.
You feel sick. You block the hill giant's attack.
You hit the hill giant.
The hill giant is heavily wounded.
You feel sick.
You hit the hill giant but do no damage.
The hill giant is heavily wounded.
You feel sick. The hill giant barely misses you.
You slash the hill giant!
The hill giant is severely wounded.
You feel sick.
The hill giant hits you with a giant spiked club!
* * * LOW HITPOINT WARNING * * *
The hill giant hits you with a giant spiked club!!!
You die...

#(# #.# #.#
######.####
........(..#
........##.#
.#########c#
#)Czc#
#@#### #..#
#.# #..# #.#
#..# #.#
#..# #(#
#..# #(#
#..# #.#
#.ยง# #.#
#..# #.#


You could see a skeletal warrior, a hill giant and 2 centaurs.

Vanquished Creatures
  The ghost of root the Basher, a novice MiCK of Xom (D:8)
  2 skeletal warriors (D:11)
  The ghost of Crishpax the Thaumaturge, a novice DEWz of Vehumet (D:10)
  An unseen horror (D:9)
  A hill giant (D:10)
  Joseph (D:9)
  A two-headed ogre (D:10)
  A troll (D:11)
  The ghost of George the Cleaver, an amateur HOGl (D:4)
  Prince Ribbit (D:7)
  A wyvern (D:8)
  11 yaks
  2 hungry ghosts
  A water moccasin (D:6)
  Menkaure (D:7)
  2 wargs (D:10)
  A mottled dragon (D:11)
  Edmund (D:4)
  3 ice beasts
  A soldier ant (D:10)
  3 sky beasts
  2 black bears
  An eye of draining (D:8)
  9 centaurs
  A necrophage (D:10)
  3 ogres
  3 phantoms
  A wasp (D:10)
  2 orc warriors (D:10)
  A big kobold (D:10)
  2 gnoll sergeants
  4 giant frogs
  A wyvern zombie (D:7)
  5 scorpions
  A water moccasin skeleton (D:8)
  3 killer bees (D:10)
  A troll skeleton (D:9)
  3 spriggan skeletons (D:9)
  A crimson imp (D:8)
  3 hounds
  7 orc wizards
  A giant frog skeleton (D:6)
  5 centaur skeletons
  Crazy Yiuf (D:6)
  3 iguanas
  6 orc priests
  A jelly (D:7)
  5 worker ants
  A hound skeleton (D:6)
  A hound zombie (D:8)
  12 gnolls
  4 river rats (D:2)
  15 adders
  An adder zombie (D:7)
  3 worms
  2 adder skeletons
  10 giant geckos
  40 orcs
  3 ball pythons
  6 bats
  9 goblins
  13 hobgoblins
  3 quokkas
  7 giant cockroaches
  A giant gecko zombie (D:5)
  7 giant newts
  A jackal skeleton (D:9)
  14 kobolds
  8 rats
275 creatures vanquished.

Vanquished Creatures (others)
  2 centaurs
2 creatures vanquished.

Grand Total: 277 creatures vanquished

Notes
Turn   | Place    | Note
--------------------------------------------------------------
     0 | D:1      | George the Hill Orc Gladiator began the quest for the Orb.
     0 | D:1      | Reached XP level 1. HP: 18/18 MP: 1/1
   118 | D:1      | Reached XP level 2. HP: 23/25 MP: 2/2
   269 | D:1      | Reached skill level 5 in Axes
   599 | D:1      | Reached XP level 3. HP: 30/30 MP: 3/3
   874 | D:2      | Reached skill level 6 in Axes
  1015 | D:2      | Reached XP level 4. HP: 25/37 MP: 4/4
  1539 | D:2      | Reached skill level 7 in Axes
  1608 | D:2      | Noticed a phantom
  1635 | D:2      | Killed a phantom
  1635 | D:2      | Reached skill level 8 in Axes
  1635 | D:2      | Reached XP level 5. HP: 35/42 MP: 5/5
  1836 | D:2      | Reached XP level 6. HP: 50/50 MP: 6/6
  2111 | D:3      | Found a radiant altar of Vehumet.
  2217 | D:3      | Reached skill level 9 in Axes
  3070 | D:4      | Noticed George's ghost (amateur HOGl)
  3506 | D:4      | Noticed Edmund
  3516 | D:4      | Killed Edmund
  3516 | D:4      | Reached skill level 10 in Axes
  3516 | D:4      | Reached XP level 7. HP: 43/56 MP: 7/7
  3936 | D:4      | Killed George's ghost
  3936 | D:4      | Reached skill level 11 in Axes
  4568 | D:4      | Reached XP level 8. HP: 62/62 MP: 8/8
  4572 | D:4      | Found a sacrificial altar of Ru.
  4666 | D:5      | Entered Level 5 of the Dungeon
  5041 | D:5      | Found a staircase to the Ecumenical Temple.
  5052 | Temple   | Entered the Ecumenical Temple
  5069 | Temple   | Became a worshipper of Qazlal Stormbringer
  5264 | D:5      | Reached skill level 1 in Invocations
  5645 | D:6      | Reached skill level 1 in Armour
  5806 | D:6      | Noticed Crazy Yiuf
  5814 | D:6      | Killed Crazy Yiuf
  5814 | D:6      | Reached skill level 12 in Axes
  5882 | D:6      | HP: 3/63 [poisoned by a water moccasin]
  5890 | D:6      | HP: 3/63 [poisoned by a water moccasin]
  6462 | D:6      | Reached skill level 5 in Invocations
  6497 | D:6      | Found a snail-covered altar of Cheibriados.
  6623 | D:6      | Found a sacrificial altar of Ru.
  6663 | D:6      | Reached XP level 9. HP: 63/72 MP: 13/13
  6909 | D:6      | Got a jewelled scale mail
  6920 | D:6      | Identified the +0 scale mail "Syrorui" {MR+} (You found it on level 6 of the Dungeon)
  7180 | D:7      | Reached * piety under Qazlal
  7183 | D:7      | Reached skill level 5 in Fighting
  7314 | D:7      | Noticed Prince Ribbit
  7400 | D:7      | Noticed Menkaure
  7408 | D:7      | Killed Menkaure
  7447 | D:7      | Killed Prince Ribbit
  8361 | D:8      | Noticed root's ghost (novice MiCK)
  8722 | D:8      | Reached skill level 13 in Axes
  8733 | D:8      | Reached XP level 10. HP: 68/83 MP: 16/16
  8862 | D:8      | Found Rirch's General Store.
  9173 | D:8      | Killed root's ghost
  9173 | D:8      | Reached skill level 5 in Armour
  9410 | D:8      | Reached ** piety under Qazlal
  9522 | D:8      | Reached skill level 10 in Invocations
  9654 | D:9      | Found Maocw's Book Shop.
  9752 | D:9      | Found an opulent altar of Gozag.
  9778 | D:9      | Noticed Joseph
  9797 | D:9      | Killed Joseph
 10333 | D:9      | Killed an unseen horror
 10333 | D:9      | Reached XP level 11. HP: 52/94 MP: 18/18
 10586 | D:10     | Entered Level 10 of the Dungeon
 10629 | D:10     | Reached skill level 14 in Axes
 10881 | D:10     | Reached *** piety under Qazlal
 10966 | D:10     | Noticed Crishpax's ghost (novice DEWz)
 10982 | D:10     | Killed Crishpax's ghost
 11077 | D:10     | Found a staircase to the Lair.
 11460 | D:10     | Reached **** piety under Qazlal
 11764 | D:10     | Found a staircase to the Orcish Mines.
 11801 | D:10     | Noticed a hill giant
 11814 | D:10     | Killed a hill giant
 12511 | D:11     | Noticed a skeletal warrior
 12511 | D:11     | Noticed a skeletal warrior
 12511 | D:11     | Noticed a skeletal warrior
 12549 | D:11     | Noticed a hill giant
 12551 | D:11     | Killed a skeletal warrior
 12557 | D:11     | Killed a skeletal warrior
 12557 | D:11     | Reached skill level 5 in Dodging
 12563 | D:11     | Annihilated by a hill giant

Vault maps used:
D:1:      minmay_arrival_plants_in_alcoves, serial_bayou_pond_e
D:2:      wad_woods_tower
D:3:      old_standard_altar
D:4:      first_bread, nicolae_ru_awakened_eye, uniq_edmund
D:5:      kennysheep_big_flooded_room, minmay_temple_entry_overgrown
D:6:      kennysheep_mini, lemuel_doored_altar, uniq_crazy_yiuf_cottage
D:7:      serial_column_ruins, column_ruins_corridor_straight,
          column_ruins_columns_dead_end, column_ruins_corridor_corner,
          uniq_prince_ribbit1, uniq_menkaure
D:8:      serial_shops, nicolae_shop_stone
D:9:      grunt_gozag_breadcrumbs, serial_shops, shop_statue,
          hangedman_tell_no_tales, uniq_joseph
D:10:     erik_lair_orcish_takeover, orc_0_dummy
Temple:   lightli_temple_of_artemis

Action                   |  1- 3 |  4- 6 |  7- 9 | 10-12 || total
-------------------------+-------+-------+-------+-------++-------
Melee: War axe           |    95 |   199 |   441 |   325 ||  1060
       Battleaxe         |       |       |       |   164 ||   164
Evoke: Wand              |       |     2 |     8 |       ||    10
  Use: Scroll            |       |     8 |     4 |     4 ||    16
 Stab: Confused          |       |     2 |     2 |       ||     4
       Invisible         |       |       |     2 |       ||     2
  Eat: Chunk             |       |     8 |    16 |    13 ||    37
       Royal jelly       |       |       |     1 |     1 ||     2
